 Dungeon Crawl Stone Soup version 0.27-b1-42-g19c61b19a5 (webtiles) character file.

Game seed: 623668657485665836

209 snetch the Magician (level 6, -6/41 HPs)
             Began as a Djinni Fire Elementalist on July 28, 2021.
             Was a Follower of Makhleb.
             Shot with an arrow by a centaur (10 damage)
             ... on level 5 of the Dungeon on July 29, 2021.
             The game lasted 00:11:09 (4349 turns).

snetch the Magician (Djinni Fire Elementalist)      Turns: 4349, Time: 00:11:10

Health: -6/41      AC:  3    Str:  7    XL:     6   Next: 12%
Gold:   110        EV: 12    Int: 18    God:    Makhleb [*.....] SH:  0 Dex: 14

rFire    + + .     SeeInvis .   p - +0 falchion
rCold    x . .     Faith    .   (no shield)
rNeg     . . .     Spirit   .   o - +0 leather armour
rPois    ∞         Reflect  .   (no helmet)
rElec    .         Harm     .   (no cloak)
rCorr    .         Rampage  .   (no gloves)
Will     .....                  (boots unavailable)
Stlth    ++........             (no amulet)
HPRegen  0.13/turn              (no ring)
MPRegen  0.00/turn              (no ring)

@: flying, very slightly contaminated
A: sickness immunity, fire resistance 2, cold vulnerability 1, float, innate
caster, hp casting, extra vitality 1
a: Renounce Religion


You were on level 5 of the Dungeon.
You worshipped Makhleb.
Makhleb was aware of your devotion.
You visited 1 branch of the dungeon, and saw 5 of its levels.

You collected 110 gold pieces.

Inventory:

Hand Weapons
 n - a +0 flail
 p - a +0 falchion (weapon)
 q - a +0 morningstar
 y - a +0 trident
Missiles
 c - 109 stones
 d - 2 javelins
 g - 14 bolts
 l - 26 arrows
 s - 7 curare-tipped darts
 t - 21 poisoned darts
Armour
 k - a +0 ring mail
 o - a +0 leather armour (worn)
 v - a +0 scale mail
 z - a +0 kite shield
 A - a +0 chain mail
Jewellery
 x - a ring of fire
Scrolls
 a - a scroll of acquirement {unknown}
 b - a scroll of silence {unknown}
 e - a scroll of fog {unknown}
 j - a scroll of identify {unknown}
 m - 3 scrolls of blinking {unknown}
Potions
 f - a potion of haste {unknown}
 h - a potion of mutation {unknown}
 i - a potion of curing {unknown}
 r - a potion of flight {unknown}
 u - a potion of heal wounds {unknown}
 w - a potion of berserk rage {unknown}


   Skills:
 + Level 0.5 Fighting
 + Level 0.4 Armour
 + Level 2.9 Dodging
 + Level 2.3 Stealth
 + Level 4.3 Spellcasting


You couldn't memorise any spells.
You knew the following spells:

 Your Spells              Type           Power      Damage    Failure   Level
a - Foxfire               Conj/Fire      76%        2x1d7     3%          1
b - Conjure Flame         Conj/Fire      19%        6-21      11%         3
c - Inner Flame           Hex/Fire       19%        N/A       11%         3
d - Sticky Flame          Conj/Fire      19%        2d4       34%         4
e - Fireball              Conj/Fire      9%         3d6       67%         5
f - Sandblast             Erth           38%        2d10      3%          1
g - Corpse Rot            Necr/Air       N/A        N/A       5%          2
Your spell library was empty.

Dungeon Overview and Level Annotations

Branches:
Dungeon (5/15)
 Temple: D:4-7

Altars:
Makhleb
Yredelemnul


Innate Abilities, Weirdness & Mutations

You are immune to sickness and miasma.
You are immune to poison.
Your flesh is very heat resistant. (rF++)
You are vulnerable to cold. (rC-)
You float through the air rather than walking.
You learn spells naturally, not from books.
Your magical power is your life essence.
You have superior vitality. (+4 HP)


Message History

Makhleb accepts your kill.
You have reached level 6!
Your experience leads to an increase in your attributes!
Increase (S)trength, (I)ntelligence, or (D)exterity?
You feel clever.
Found a scroll labelled XYBAYH OTOWION.
There is a stone staircase leading down here.
m - 3 scrolls labelled XYBAYH OTOWION (gained 1)
You start resting.
HP restored.
There is a stone staircase leading down here.
You fly downwards.
Found 17 gold pieces.
There is a stone staircase leading up here.
A centaur comes into view.
The centaur shouts!
The centaur wields a +0 shortbow.
The centaur shoots an arrow.
The arrow barely misses you.
The centaur shoots an arrow.
The arrow closely misses you.
A scorpion comes into view.
The centaur shoots an arrow.
The arrow hits you.
The centaur shoots an arrow.
The arrow hits you.
You miscast Foxfire.
You are very lightly contaminated with residual magic.
Nothing appears to happen.
The centaur shoots an arrow.
The arrow hits you.
You conjure some foxfire!
The centaur shoots an arrow.
The arrow hits you!
* * * LOW HITPOINT WARNING * * *
The scorpion stings you!
* * * LOW HITPOINT WARNING * * *
The centaur shoots an arrow.
The arrow closely misses you.
The scorpion stings you but does no damage.
Unknown command.
Unknown command.
You are too injured to fight recklessly!
Unknown command.
Your foxfire dissipates!
The foxfire hits the centaur.
The centaur is lightly wounded.
The centaur shoots an arrow.
The arrow hits you!
You die...

## ..# #.# #.## .
##...#...
#.#####c.......
#...<@.s...$...
........####.....#
.....##.# ...##
#### ... .## ####
#


You could see a centaur and a scorpion.

Vanquished Creatures
  A bullfrog skeleton (D:4)
  An orc wizard (D:3)
  5 adders
  An ufetubus (D:4)
  3 worms
  A dart slug (D:1)
  9 orcs
  7 endoplasms
  4 giant cockroaches
  7 goblins
  7 hobgoblins
  6 jackals
  4 kobolds
  4 quokkas
  5 ball pythons
  9 bats
  4 frilled lizards
  6 rats
84 creatures vanquished.

Vanquished Creatures (others)
  300 foxfires
300 creatures vanquished.

Grand Total: 384 creatures vanquished

Notes
Turn   | Place    | Note
-------+----------+-------------------------------------------
     0 | D:1      | snetch the Djinni Fire Elementalist began the quest for the
                  | Orb.
     0 | D:1      | Reached XP level 1. HP: 15/15 MP: 0/0
   117 | D:1      | Reached XP level 2. HP: 15/21 MP: 0/0
   756 | D:1      | Reached skill level 3 in Spellcasting
   757 | D:1      | Reached XP level 3. HP: 15/25 MP: 0/0
   757 | D:1      | Learned a level 1 spell: Sandblast
  1718 | D:2      | Reached XP level 4. HP: 28/31 MP: 0/0
  2089 | D:3      | Found a burning altar of Makhleb.
  2093 | D:3      | Became a worshipper of Makhleb the Destroyer
  2126 | D:3      | Reached XP level 5. HP: 14/35 MP: 0/0
  2126 | D:3      | Learned a level 2 spell: Corpse Rot
  2839 | D:2      | Upgraded the game from 0.27-b1-41-gafb5482f4b to
                  | 0.27-b1-42-g19c61b19a5
  2915 | D:3      | Reached skill level 4 in Spellcasting
  3410 | D:3      | Found a faded altar of an unknown god.
  3453 | D:4      | Reached * piety under Makhleb
  4002 | D:4      | Found a basalt altar of Yredelemnul.
  4197 | D:4      | Reached XP level 6. HP: 22/41 MP: 0/0
  4342 | D:5      | Entered Level 5 of the Dungeon
  4349 | D:5      | Shot with an arrow by a centaur

Illustrated notes

Levels and vault maps discovered:
D:1:      dpeg_arrival_boxorama, layout_rooms
D:2:      layout_basic, st_stairs_11, kennysheep_generic_room_4
D:3:      layout_basic, mainiacjoe_overflow_24_doors,
          ebering_ecumenical_altar_rust
D:4:      layout_loops_ring, mainiacjoe_overflow_surrounded_room,
          dk_rats_in_the_wall
D:5:      layout_loops_ring, minmay_temple_entry_waves,
          gammafunk_ghost_mausoleum

Skill      XL: |  1  2  3  4  5 |
---------------+----------------+-----
Spellcasting   | 3 4 |  4.3
Stealth        | 2 |  2.3
Fighting       | |  0.5
Armour         | |  0.4
Dodging        | |  2.9

Action                   |  1- 3 |  4- 6 || total
-------------------------+-------+-------++-------
 Cast: Foxfire           |    76 |   116 ||   192
Armor: Robe              |     2 |     3 ||     5
       Leather armour    |       |     7 ||     7
Dodge: Dodged            |    18 |    27 ||    45
       Rpst.: Falchion   |       |     5 ||     5
